 Adventure DCSS version bcrawl-1.19 (webtiles) character file.

Game seed: 6190501171116412680

12818 Leeroy the Cleaver (level 11, -6/72 HPs)
             Began as a Skeleton Reaver on Nov 13, 2019.
             Was a High Priest of Vehumet.
             Mangled by a harpy (shapeshifter) (11 damage)
             ... on level 10 of the Dungeon.
             The game lasted 01:10:48 (15423 turns).

Leeroy the Cleaver (Skeleton Reaver)               Turns: 15423, Time: 01:10:48

Health: -6/72      AC: 14    Str: 17 (18) XL:     11   Next: 67%
Magic:  0/32       EV: 14    Int: 15 (18) God:    Vehumet [*****.]
Gold:   841        SH: 11    Dex: 10      Spells: 4/26 levels left
                                        Lives:  0   Deaths: 2

rFire    + . .     SeeInvis +   z - +10 hand axe of the Eternal Void {venom, rN+ MP+9}
rCold    + . .     Gourm    .   L - +0 shield
rNeg     + + +     Faith    .   b - +0 steam dragon scales
rPois    ∞         Spirit   +   s - +1 helmet
rElec    .         Reflect  .   m - +2 cloak {MR+}
rCorr    .         Harm     .   d - +0 pair of gloves
MR       ++...                  M - +1 pair of boots "Xuyhos" {Regen+ SInv}
Stlth    +.........             (no amulet)
HPRegen  0.62/turn              g - ring of protection from fire
MPRegen  0.23/turn              y - +3 ring of intelligence

@: no status effects
A: no food or potions, cold resistance 1, deterioration 1, negative energy
resistance 3, powered by death 1, torment resistance, unbreathing, magic shield,
sturdy frame 2, spell healing
a: Renounce Religion


You were on level 10 of the Dungeon.
You worshipped Vehumet.
Vehumet was extremely pleased with you.
You were not hungry.

You visited 2 branches of the dungeon, and saw 16 of its levels.
You also visited: Sewer.

You collected 1386 gold pieces.
You spent 545 gold pieces at shops.

Inventory:

Hand Weapons
 a - a +1 scimitar of flaming
 v - a +1 whip of electrocution
 z - the +10 hand axe of the Eternal Void (weapon) {venom, rN+ MP+9}
   (You found it on level 4 of the Dungeon)

   It poisons the flesh of those it strikes.
   It protects you from negative energy.
   It affects your magic capacity (+9).
 A - a +1 trident of freezing
 E - a +0 blowgun
 O - a +1 rapier of venom
 S - a +3 quarterstaff of chaos
 T - a +2 hunting sling of velocity
Missiles
 f - 351 poisoned needles
 i - 984 bolts
 o - 30 needles of confusion
 q - 3240 stones
 D - 11 tomahawks of dispersal (quivered)
 G - 3 throwing nets {!f}
Armour
 b - +0 steam dragon scales (worn)
 d - a +0 pair of gloves (worn)
 j - a +2 hat
 m - a +2 cloak of magic resistance (worn)
 s - a +1 helmet (worn)
 K - the +1 robe "Xaymn" {rC+ rN+ Int+3}
   (You found it on level 7 of the Dungeon)

   It affects your intelligence (+3).
   It protects you from cold.
   It protects you from negative energy.
 L - a +0 shield (worn)
 M - the +1 pair of boots "Xuyhos" (worn) {Regen+ SInv}
   (You bought it in a shop on level 7 of the Dungeon)

   It lets you see invisible.
   It increases your rate of regeneration.
 U - +0 acid dragon scales
Jewellery
 e - an uncursed ring of protection from magic
 g - a ring of protection from fire (left hand)
 r - an uncursed ring of insulation
 t - an uncursed ring of see invisible
 u - an uncursed ring of protection from magic
 y - a +3 ring of intelligence (right hand)
 B - an uncursed ring of protection from cold {unknown}
 C - the ring "Vofeodau" {*Tele rPois rF+}
   (You bought it in a shop on level 9 of the Dungeon)

   [ring of teleportation]

   It may teleport you next to monsters.
   It protects you from fire.
   It protects you from poison.
 F - an uncursed amulet of faith
 J - an uncursed ring of resist corrosion
Wands
 p - a wand of enslavement (11)
 P - a wand of paralysis (6)
 Q - a wand of acid (16)
 R - a wand of polymorph (15)
 V - a wand of random effects (9)
 W - a wand of digging (18)
 Y - a wand of iceblast (6)
Scrolls
 c - 6 scrolls of immolation
 h - a scroll of noise
 k - 3 scrolls of enchant armour
 l - a scroll of acquirement {unknown}
 n - 3 scrolls of magic mapping
 H - a scroll of amnesia {unknown}
 I - 5 scrolls of remove curse
 N - 2 scrolls of blinking {unknown}
 X - a scroll of enchant weapon
 Z - a scroll of vulnerability {unknown}


   Skills:
 - Level 10.1 Fighting
 - Level 9.4 Long Blades
 - Level 11.0 Axes
 + Level 3.7 Armour
 - Level 7.3 Dodging
 - Level 10.2 Shields
 - Level 8.2 Spellcasting
 - Level 6.5 Conjurations
 - Level 2.0 Summonings
 - Level 7.4 Fire Magic
 - Level 3.5 Earth Magic


You had 4 spell levels left.
You knew the following spells:

 Your Spells              Type           Power        Failure   Level  Hunger
a - Freeze                Ice            #.....       6%          1    N/A
b - Magic Dart            Conj           ####         1%          1    N/A
c - Searing Ray           Conj           ####..       1%          2    N/A
d - Summon Small Mammal   Summ           ##..         10%         1    N/A
e - Iskenderun's Battles  Conj/Chrm      ###.....     38%         5    N/A
f - Stone Arrow           Conj/Erth      ###...       2%          3    N/A
g - Fulminant Prism       Conj/Hex       ###.......   16%         4    N/A
h - Bolt of Magma         Conj/Fire/Erth ###.......   16%         5    N/A

Your spell library contained the following spells:

 Spells                   Type           Power        Failure   Level  Hunger
 Poison Arrow             Conj/Pois      ###.......   89%         6    N/A
 Sandblast                Erth           ###...       1%          1    N/A
 Call Imp                 Summ           ##....       14%         2    N/A
 Passwall                 Tmut/Erth      ##......     16%         2    N/A
 Call Canine Familiar     Summ           ##......     28%         3    N/A
 Recall                   Summ/Tloc      N/A          38%         3    N/A
 Petrify                  Tmut/Erth      ##......     71%         4    N/A
 Summon Ice Beast         Ice/Summ       #.......     80%         4    N/A
 Animate Dead             Necr           N/A          91%         4    N/A
 Lee's Rapid Deconstruct  Erth           ###.......   34%         5    N/A
 Summon Lightning Spire   Summ/Air       #.......     98%         5    N/A
 Borgnjor's Vile Clutch   Necr/Erth      ##........   100%        6    N/A
 Death Channel            Chrm/Necr      #.........   100%        6    N/A
 Simulacrum               Ice/Necr       #.........   100%        6    N/A

Dungeon Overview and Level Annotations

Branches:
Dungeon (12/12)            Temple (0/1) D:4            Lair (4/6) D:7
  Snake (0/3) Lair:2          Orc (0/1) D:10
  Swamp: Lair:2-4    Shoals: Lair:2-4    Vaults: D:11-12     Depths: D:12

Altars:
Cheibriados
Dithmenos
Elyvilon
Gozag
Hepliaklqana
Lugonu
Makhleb
Okawaru
Ru
Sif Muna
Trog
Uskayaw
Vehumet
Wu Jian
Yredelemnul

Shops:
D:7 [   D:9 =   D:10 (   D:12 (

Annotations:
D:5 Ratty's ghost, novice MiAc
D:10 2 transporters
D:11 Maurice
Lair:2 Harold


Innate Abilities, Weirdness & Mutations

You do not eat or drink.
You are immune to poison.
Your flesh is cold resistant. (rC+)
Your body sometimes deteriorates upon taking damage.
You are immune to negative energy. (rN+++)
You regenerate a little health from kills.
You are immune to unholy pain and torment.
You can survive without breathing.
When hurt, damage is shared between your health and your magic reserves.
Your movements are less encumbered by armour. (ER -4)
Casting spells heals you.


Message History

The white ugly thing basks in the mutagenic energy from its kin and changes!
The green ugly thing engulfs you! The brown ugly thing misses you.
You slash the brown ugly thing!
The brown ugly thing looks as sick as possible!
The brown ugly thing is moderately wounded.
You closely miss the green ugly thing. You hit the large abomination.
You hit the purple ugly thing.
The purple ugly thing is poisoned.
You slash the raiju!
The raiju is poisoned.
You hit the brown ugly thing.
The brown ugly thing looks as sick as possible!
You block the raiju's attack. The large abomination hits you!
* * * LOW HITPOINT WARNING * * *
The purple ugly thing gores you!
* * * LOW HITPOINT WARNING * * *
The green ugly thing engulfs you.
* * * LOW HITPOINT WARNING * * *
Okay, then.
Casting: Bolt of Magma (quite dangerous; 16% risk of failure)
Confirm with . or Enter, or press ? or * to list all spells.
The harpy claws you!
You die...

# ##..### #........# #
## #.....# ###........#
#
##..##...##..##........#
#
#.".##...##..©#........#
#
#:.x.##©##.!..##########
###...###...###
##.x§§§§.## ##§huH§##


#Xu@uX# .#### #§Xru.# ..... #.§§§.§.# ..... #...###...# ..... ....##©##..# .....
#.:###...###$. ..... ##. #...# |## ##### # ..... # You could see 4 ugly things,
a thrashing horror, 2 large abominations, a harpy, a raiju, a small abomination
and a friendly rat.

Vanquished Creatures
  Josephine (D:10)
  2 catoblepae (Lair:3)
  A two-headed ogre (D:10)
  A centaur warrior (D:9)
  An orc knight (D:11)
  A manticore (D:11)
  3 black mambas
  A centaur zombie (D:11)
  5 cane toads
  3 centaur skeletons
  2 komodo dragons
  2 efreet
  A queen bee (Lair:2)
  A meliai (D:12)
  A polar bear (Lair:3)
  A hornet (Lair:2)
  4 trolls
  Prince Ribbit (D:6)
  3 hippogriffs
  A blink frog (Lair:3)
  A shadow (D:12)
  A spriggan (D:7)
  6 basilisks
  3 wraiths (D:10)
  Sigmund (D:4)
  37 yaks
  2 vampires
  A fire elemental (D:11)
  Grum (D:10)
  2 nagas (Lair:2)
  A hungry ghost (D:6)
  A warg (shapeshifter) (D:11)
  An acid dragon (D:11)
  8 water moccasins
  3 porcupines
  Purgy (Sewer)
  4 orc warriors
  5 sky beasts
  3 ogres
  2 black bears (D:8)
  3 phantoms
  An ice beast (D:7)
  3 wolves (D:10)
  4 crocodiles
  3 centaurs
  14 bullfrogs
  Blork the orc (D:5)
  3 big kobolds
  4 scorpions
  20 killer bees
  A howler monkey (D:2)
  6 crimson imps
  A bullfrog zombie (D:5)
  4 hounds
  A jelly (D:6)
  6 orc priests
  7 orc wizards
  Crazy Yiuf (D:3)
  6 iguanas
  10 worker ants
  A hound zombie (D:8)
  2 hound skeletons
  A worker ant zombie (D:9)
  Robin (D:2)
  3 river rats (D:6)
  28 adders
  5 shadow imps
  2 oozes
  2 adder skeletons
  4 worms
  3 dart slugs
  4 leopard geckos
  23 orcs
  5 giant cockroaches
  22 goblins
  13 hobgoblins
  A jackal (D:4)
  12 kobolds
  2 quokkas
  2 ball pythons
  8 bats
  3 frilled lizards
  A quokka skeleton (D:4)
  7 rats
  3 fungi
377 creatures vanquished.

Vanquished Creatures (others)
  An orc (D:11)
  16 fulminant prisms
  9 fungi
  13 plants
39 creatures vanquished.

Grand Total: 416 creatures vanquished

Notes
Turn   | Place    | Note
-------+----------+-------------------------------------------
     0 | D:1      | Leeroy the Skeleton Reaver began the quest for the Orb.
     0 | D:1      | Reached XP level 1. HP: 14/14 MP: 4/4
   238 | D:1      | Reached XP level 2. HP: 19/19 MP: 6/6
   734 | D:2      | Reached skill level 5 in Long Blades
   775 | D:2      | Reached XP level 3. HP: 23/23 MP: 7/7
   968 | D:2      | Found a burning altar of Makhleb.
   974 | D:2      | Found a basalt altar of Yredelemnul.
   979 | D:2      | Found a corrupted altar of Lugonu.
   999 | D:2      | Found a snail-covered altar of Cheibriados.
  1015 | D:2      | Reached * piety under Vehumet
  1015 | D:2      | Offered knowledge of Freeze by Vehumet.
  1018 | D:2      | Learned a level 1 spell: Freeze
  1126 | D:2      | Reached XP level 4. HP: 28/28 MP: 8/8
  1159 | D:2      | Found an ornate altar of the Wu Jian Council.
  1829 | D:2      | Reached XP level 5. HP: 28/32 MP: 7/9
  1950 | D:3      | Noticed an ogre
  1951 | D:3      | Noticed Robin
  1967 | D:2      | Killed Robin
  1981 | D:2      | Reached ** piety under Vehumet
  1981 | D:2      | Offered knowledge of Magic Dart by Vehumet.
  1989 | D:2      | Learned a level 1 spell: Magic Dart
  2366 | D:3      | Found a faded altar of an unknown god.
  2415 | D:3      | Found an iron altar of Okawaru.
  2709 | D:3      | Found a runed door.
  2713 | D:3      | Noticed Crazy Yiuf
  2720 | D:3      | Paralysed by Crazy Yiuf for 4 turns
  3181 | D:4      | Gained mutation: You regenerate a little health from kills.
                  | [Skeleton growth]
  3181 | D:4      | Reached XP level 6. HP: 30/37 MP: 10/10
  3262 | D:4      | Found a staircase to the Ecumenical Temple.
  3324 | D:4      | Noticed a sky beast
  3356 | D:4      | Killed a sky beast
  3493 | D:4      | Got a smoking hand axe
  3497 | D:4      | Identified the +10 hand axe of the Eternal Void {venom, rN+
                  | MP+9} (You found it on level 4 of the Dungeon)
  3576 | D:4      | Reached skill level 1 in Axes
  3576 | D:4      | Reached XP level 7. HP: 41/41 MP: 11/11
  3578 | D:4      | Found a shadowy altar of Dithmenos.
  3595 | D:4      | Reached skill level 2 in Axes
  3632 | D:4      | Noticed Sigmund
  3642 | D:5      | Entered Level 5 of the Dungeon
  3721 | D:5      | Reached skill level 3 in Axes
  3730 | D:5      | Found a shimmering blue altar of Sif Muna.
  3777 | D:5      | Noticed Blork the orc
  3805 | D:5      | Killed Blork the orc
  3805 | D:5      | Reached skill level 4 in Axes
  3870 | D:5      | Reached skill level 5 in Axes
  3874 | D:5      | Found a runed translucent gate.
  3874 | D:5      | Found a runed translucent gate.
  3875 | D:5      | Found a runed translucent gate.
  3878 | D:5      | Noticed Ratty's ghost (novice MiAc)
  4055 | D:6      | Offered knowledge of Searing Ray by Vehumet.
  4059 | D:6      | Learned a level 2 spell: Searing Ray
  4061 | D:6      | Learned a level 1 spell: Summon Small Mammal
  4086 | D:6      | Noticed Prince Ribbit
  4106 | D:6      | Reached skill level 6 in Axes
  4110 | D:6      | Killed Prince Ribbit
  4110 | D:6      | Reached skill level 1 in Summonings
  4110 | D:6      | Reached XP level 8. HP: 46/46 MP: 12/12
  4145 | D:6      | Reached skill level 7 in Axes
  4153 | D:6      | Reached skill level 8 in Axes
  4258 | D:6      | Reached *** piety under Vehumet
  4268 | D:6      | Reached skill level 5 in Conjurations
  4550 | D:6      | Found a glowing drain.
  4559 | Sewer    | Entered a sewer
  4593 | Sewer    | Noticed Purgy
  4597 | Sewer    | Killed Purgy
  5052 | D:7      | Found a hazy altar of Hepliaklqana.
  5131 | D:7      | Learned a level 5 spell: Iskenderun's Battlesphere
  5141 | D:7      | Noticed a +0 hand axe
  5142 | D:7      | Noticed a +0 hand axe
  5145 | D:7      | Found a hide-covered altar of Uskayaw.
  5169 | D:7      | Reached XP level 9. HP: 41/50 MP: 14/14
  5195 | D:7      | Found a staircase to the Lair.
  5235 | D:7      | Got a warped robe
  5264 | D:7      | Reached skill level 5 in Spellcasting
  5268 | D:7      | Identified the +1 robe "Xaymn" {rC+ rN+ Int+3} (You found
                  | it on level 7 of the Dungeon)
  5270 | D:7      | Found a radiant altar of Vehumet.
  5315 | D:7      | Found an opulent altar of Gozag.
  5419 | D:7      | Found Tatikoosm's Antique Armour Shop.
  5422 | D:7      | Bought a pair of twisted boots for 237 gold pieces
  5422 | D:7      | Identified the +1 pair of boots "Xuyhos" {Regen+ SInv} (You
                  | bought it in a shop on level 7 of the Dungeon)
  5584 | D:7      | Offered knowledge of Stone Arrow by Vehumet.
  5589 | D:7      | Learned a level 3 spell: Stone Arrow
  5925 | D:8      | Reached skill level 1 in Earth Magic
  6095 | D:4      | Killed Sigmund
  6148 | D:4      | Found a sacrificial altar of Ru.
  6148 | D:4      | Found a bloodstained altar of Trog.
  6391 | D:3      | Killed Crazy Yiuf
  7145 | Lair:1   | Entered Level 1 of the Lair of Beasts
  7197 | Lair:1   | Noticed a black mamba
  7263 | Lair:1   | Reached skill level 5 in Dodging
  7615 | Lair:1   | Gained mutation: Your movements are less encumbered by
                  | armour. (ER -4) [Skeleton growth]
  7615 | Lair:1   | Reached XP level 10. HP: 56/56 MP: 22/22
  7999 | Lair:1   | Reached **** piety under Vehumet
  8187 | Lair:1   | Killed a black mamba
  8426 | Lair:2   | Found a shadowy altar of Dithmenos.
  8431 | Lair:2   | Found a staircase to the Snake Pit.
  8453 | Lair:2   | Reached skill level 5 in Fighting
  8630 | Lair:2   | Noticed Harold
  8650 | Lair:2   | Noticed an eight-headed hydra
  8981 | Lair:2   | Offered knowledge of Fulminant Prism by Vehumet.
  8996 | Lair:1   | Learned a level 4 spell: Fulminant Prism
  9003 | Lair:2   | Reached skill level 1 in Shields
  9067 | Lair:2   | Reached XP level 11. HP: 65/68 MP: 23/23
  9499 | Lair:3   | Noticed a catoblepas
  9567 | Lair:3   | Killed a catoblepas
  9567 | Lair:3   | Reached skill level 5 in Shields
  9600 | Lair:3   | Noticed a five-headed hydra
  9613 | Lair:3   | HP: 3/68 [five-headed hydra (4)]
  9613 | Lair:3   | Mangled by a five-headed hydra
  9614 | Lair:3   | Reached XP level 10. HP: -6/64 MP: 0/22
  9706 | Lair:3   | Noticed a black mamba
  9714 | Lair:3   | Killed a black mamba
  9847 | Lair:3   | Noticed a black mamba
  9849 | Lair:3   | Noticed a cane toad
  9883 | Lair:3   | Killed a black mamba
 10013 | Lair:4   | Noticed a cane toad
 10017 | Lair:4   | Killed a cane toad
 10138 | Lair:4   | Noticed a cane toad
 10147 | Lair:4   | Killed a cane toad
 10147 | Lair:4   | Reached skill level 9 in Axes
 10306 | Lair:4   | Noticed a catoblepas
 10406 | Lair:3   | Killed a catoblepas
 10419 | Lair:3   | Reached skill level 10 in Axes
 10510 | Lair:3   | Noticed a cane toad
 10518 | Lair:3   | Killed a cane toad
 10518 | Lair:3   | Reached XP level 11. HP: 68/68 MP: 23/23
 10604 | Lair:3   | Noticed a death yak
 10739 | Lair:2   | Reached skill level 11 in Axes
 11035 | Lair:2   | Reached ***** piety under Vehumet
 11518 | D:8      | Offered knowledge of Bolt of Magma by Vehumet.
 11525 | D:8      | Learned a level 5 spell: Bolt of Magma
 11538 | D:8      | Found a white marble altar of Elyvilon.
 11732 | D:8      | Reached skill level 10 in Shields
 11827 | D:8      | Reached skill level 1 in Fire Magic
 12599 | D:9      | Found Wopsiff's Jewellery Shoppe.
 12603 | D:9      | Bought the ring "Vofeodau" {*Tele rPois rF+} for 308 gold
                  | pieces
 12748 | D:10     | Entered Level 10 of the Dungeon
 12831 | D:10     | Noticed Grum
 12852 | D:10     | Killed Grum
 12887 | D:10     | Found Upso Ses's Weapon Shop.
 12887 | D:10     | Found a staircase to the Orcish Mines.
 12887 | D:10     | Noticed Josephine
 12918 | D:10     | Reached skill level 5 in Fire Magic
 12947 | D:10     | Killed Josephine
 12947 | D:10     | Reached XP level 12. HP: 38/74 MP: 19/24
 13192 | D:10     | Noticed a six-headed hydra
 13224 | D:9      | Noticed a centaur warrior
 13560 | D:9      | Killed a centaur warrior
 14111 | D:11     | Noticed Maurice
 14362 | D:11     | Noticed a two-headed ogre
 14363 | D:11     | Offered knowledge of Poison Arrow by Vehumet.
 14383 | D:10     | Killed a two-headed ogre
 14383 | D:10     | Reached skill level 10 in Fighting
 14568 | D:12     | Entered Level 12 of the Dungeon
 14582 | D:12     | Reached skill level 1 in Armour
 14600 | D:12     | Found Zumyomm's Weapon Boutique.
 14775 | D:12     | Noticed a six-headed hydra
 14822 | D:12     | HP: 2/77 [meliai/divine providence (7)]
 14822 | D:12     | Killed from afar by a meliai
 14823 | D:12     | Reached XP level 11. HP: -11/72 MP: 0/32
 14867 | D:11     | Killed an orc knight
 14897 | D:11     | Noticed a deep elf mage
 14903 | D:11     | Noticed a deep elf archer
 15077 | D:11     | Noticed a two-headed ogre
 15273 | D:10     | Found a transporter.
 15274 | D:10     | Noticed a brown ugly thing
 15275 | D:10     | Found a corrupted altar of Lugonu.
 15275 | D:10     | Noticed a purple ugly thing
 15276 | D:10     | Noticed a thrashing horror
 15276 | D:10     | Noticed a green ugly thing
 15278 | D:10     | Noticed a white ugly thing
 15419 | D:10     | Found a transporter.
 15419 | D:10     | Noticed a harpy
 15422 | D:10     | HP: 3/72 [green ugly thing (1)]
 15423 | D:10     | Mangled by a harpy (shapeshifter)

Skill      XL: |  1  2  3  4  5  6  7  8  9 10 11 12 |
---------------+-------------------------------------+-----
Long Blades    | 4 5 6 8 9 |  9.4
Axes           | 1 6 8 10 11 | 11.0
Summonings     | 1 2 |  2.0
Conjurations   | 6 |  6.5
Spellcasting   | 8 |  8.2
Earth Magic    | 3 |  3.5
Dodging        | 6 7 |  7.3
Fighting       | 8 10 | 10.1
Shields        | 7 10 | 10.2
Fire Magic     | 6 7 |  7.4
Armour         | 3 2 |  3.7

Action                   |  1- 3 |  4- 6 |  7- 9 | 10-12 || total
-------------------------+-------+-------+-------+-------++-------
Melee: Long sword        |   111 |   226 |       |       ||   337
       Whip              |       |    45 |       |       ||    45
       Hand axe          |       |     3 |   288 |   874 ||  1165
       Quarterstaff      |       |       |       |    13 ||    13
       Scimitar          |       |       |       |     3 ||     3
 Cast: Magic Dart        |       |     7 |       |     4 ||    11
       Freeze            |       |     1 |       |     5 ||     6
       Summon Small Mamm |       |       |    11 |    11 ||    22
       Stone Arrow       |       |       |     9 |     8 ||    17
       Fulminant Prism   |       |       |       |    16 ||    16
       Searing Ray       |       |       |       |     1 ||     1
       Bolt of Magma     |       |       |       |     5 ||     5
Evoke: Phantom mirror    |       |       |       |     1 ||     1
  Use: Scroll            |     1 |     5 |     6 |    16 ||    28
 Stab: Petrified         |       |       |       |     1 ||     1
       Distracted        |       |       |       |     1 ||     1
Armor: Steam dragon scal |    49 |   113 |   101 |   261 ||   524
Dodge: Dodged            |    68 |   204 |   147 |   483 ||   902
Block: Other             |       |     3 |       |       ||     3
       Shield            |       |       |       |   404 ||   404
